Map: Dusty Gorge

Players

SUPERDENNIS

  • Race: Protoss Protoss
  • Spawn Location: 3:00

max

  • Race: Zerg Zerg
  • Spawn Location: 5:00

Dove - Winner!

  • Race: Zerg Zerg
  • League: Platinum
  • Spawn Location: 9:00

Adversity - Winner!

  • Race: Terran Terran
  • Spawn Location: 11:00

VOD

Have the link to the VOD?

Description

Time

  • Played on: Sept. 2, 2018, 7:54 a.m.
  • Length: 12:41
Show
View Real Time Build Order
Export as new Build Order

SUPERDENNIS Protoss 

Build Orders:  

Get SALT Encoding   

  12  0:14  Probe  
  13  0:19  Pylon  
  13  0:26  Probe  
  14  0:34  Probe  
  14  0:38  Forge  
  15  0:43  Probe  
  16  0:53  Pylon  
  16  0:55  Probe  
  17  1:15  Photon Cannon  
  17  1:19  Gateway  
  17  1:27  Gateway  
  17  1:39  Photon Cannon  
  17  1:41  Probe  
  18  1:52  Assimilator  
  18  1:53  Probe  
  19  1:59  Zealot  
  19  2:05  Probe  
  19  2:07  Zealot  
  24  2:25  Zealot  
  24  2:27  Probe  
  27  2:33  Cybernetics Core  
  27  2:37  Zealot  
  29  2:50  Photon Cannon  
  29  2:54  Probe  
  29  2:55  Assimilator  
  30  3:06  Probe  
  31  3:14  Shield Battery  
  31  3:32  Stalker  
  31  3:41  Pylon  
  31  3:53  Pylon  
  31  3:58  Stalker  
  31  3:59  Probe  
  31  4:02  Stalker  
  35  4:17  Nexus  
  25  4:47  Protoss Air Weapons Level 1  
  25  4:52  Stargate  
  29  4:55  Stargate  
  23  5:13  Photon Cannon  
  23  5:17  Photon Cannon  
  23  5:25  Shield Battery  
  23  5:26  Photon Cannon  
  25  5:48  Pylon  
  25  5:53  Pylon  
  25  5:57  Void Ray  
  28  6:34  Pylon  
  28  6:45  Void Ray  
  28  6:49  Void Ray  
  32  7:25  Probe  
  33  7:41  Nexus  
  33  7:44  Probe  
  34  7:53  Pylon  
  34  8:05  Probe  
  34  8:32  Phoenix x2  
  26  8:49  Phoenix  
  26  8:50  Probe  
  26  8:55  Phoenix  
  27  8:59  Probe  
  27  9:02  Probe  
  33  9:11  Probe  
  33  9:13  Phoenix  
  36  9:18  Probe  
  36  9:22  Phoenix  
  39  9:33  Probe x2  
  14  10:35  Nexus  
Show
View Real Time Build Order
Export as new Build Order

max Zerg 

Build Orders: Hatch First 

Get SALT Encoding   

  12  0:03  Drone  
  13  0:14  Overlord  
  13  0:24  Extractor  
  13  0:25  Drone  
  13  0:26  Drone  
  14  0:51  Drone  
  15  0:57  Hatchery  
  14  1:14  Spawning Pool  
  14  1:17  Drone  
  14  1:47  Drone x3  
  17  2:04  Metabolic Boost  
  17  2:05  Queen  
  19  2:09  Overlord  
  19  2:10  Zergling x2  
  20  2:17  Zergling x2  
  20  2:20  Zergling x2  
  22  2:25  Zergling x2  
  23  2:32  Zergling x4  
  23  2:36  Queen  
  24  3:20  Zergling x12  
  30  3:37  Zergling x4  
  32  3:53  Drone x4  
  34  4:05  Zergling x2  
  34  4:07  Overlord x3  
  35  4:18  Zergling x2  
  35  4:41  Drone x7  
  35  4:45  Zergling x4  
  43  4:54  Drone x2  
  39  5:02  Queen x2  
  40  5:11  Extractor  
  40  5:12  Extractor x2  
  40  5:13  Roach Warren  
  36  5:16  Evolution Chamber x2  
  36  5:18  Drone  
  36  5:19  Drone x3  
  38  5:26  Drone  
  38  5:27  Drone  
  38  5:36  Zergling x4  
  40  5:55  Roach x2, Spine Crawler x2  
  40  5:56  Roach x2  
  46  6:05  Roach  
  46  6:06  Roach  
  46  6:22  Roach x6  
  58  6:30  Lair  
  58  6:46  Roach  
  60  6:52  Overlord x2  
  60  6:53  Overlord  
  60  7:08  Zerg Missile Weapons Level 1, Zerg Ground Armor Level 1  
  60  7:11  Drone x3  
  60  7:12  Drone x6  
  69  7:33  Drone x5  
  74  7:42  Ravager x4  
  74  7:43  Ravager  
  79  7:46  Drone x5, Overlord  
  79  7:49  Glial Reconstitution  
  84  8:16  Drone x3, Hatchery  
  84  8:17  Drone x6  
  92  8:40  Overlord  
  92  8:41  Overlord x5  
  92  8:47  Pneumatized Carapace  
  92  8:48  Hydralisk Den  
  91  8:51  Infestation Pit, Extractor  
  91  8:53  Extractor  
  88  8:57  Roach x2  
  88  8:59  Overlord x2  
  92  9:13  Roach x4  
  100  9:22  Drone  
  99  9:43  Drone x2, Overlord  
  99  9:44  Drone x5  
  104  10:02  Drone x6  
  104  10:03  Drone x2  
  104  10:05  Hydralisk x3  
  118  10:10  Hydralisk x2  
  120  10:15  Hydralisk  
  122  10:26  Hydralisk x5  
  106  10:51  Drone x3, Overlord  
  106  10:52  Drone  
  102  11:13  Muscular Augments, Infestation Pit  
  102  11:14  Queen, Hatchery  
  102  11:16  Queen  
  102  11:17  Lurker Den  
  103  11:42  Hydralisk x6  
  103  11:43  Hydralisk x5  
  125  11:56  Roach x3  
  131  12:14  Hydralisk x7  
Show
View Real Time Build Order
Export as new Build Order

Dove Zerg - Winner!

Build Orders: Hatch First 

Get SALT Encoding   

  12  0:02  Drone  
  13  0:09  Drone  
  14  0:18  Overlord  
  14  0:27  Extractor  
  14  0:28  Drone, Extractor  
  13  0:30  Drone  
  16  0:36  Drone  
  17  0:49  Drone  
  18  0:58  Drone  
  19  1:07  Drone  
  19  1:10  Extractor  
  19  1:18  Hatchery  
  18  1:23  Spawning Pool  
  18  1:25  Drone  
  18  1:38  Drone  
  19  1:40  Drone  
  20  2:02  Drone  
  20  2:03  Overlord  
  21  2:14  Queen, Extractor  
  23  2:18  Roach Warren  
  22  2:28  Evolution Chamber  
  22  2:29  Spine Crawler  
  20  2:34  Queen  
  22  2:44  Drone  
  23  2:58  Roach x3  
  25  2:59  Roach x2  
  25  3:05  Drone  
  34  3:09  Drone x2  
  36  3:32  Overlord  
  36  3:40  Extractor  
  35  3:42  Overlord x2  
  35  3:55  Overlord  
  35  4:01  Lair  
  35  4:02  Roach  
  38  4:05  Roach  
  38  4:07  Ravager  
  38  4:21  Ravager  
  38  4:24  Zergling x10  
  36  4:43  Zergling x6  
  32  4:56  Ravager  
  33  5:08  Drone x2  
  33  5:09  Drone  
  33  5:11  Drone  
  37  5:23  Hatchery  
  37  5:27  Drone  
  37  5:30  Queen, Extractor  
  39  5:35  Drone x2  
  39  5:36  Drone x2  
  42  5:47  Drone  
  43  5:58  Drone  
  43  5:59  Metabolic Boost  
  43  6:01  Glial Reconstitution  
  44  6:06  Queen  
  44  6:07  Drone  
  47  6:17  Drone x3  
  50  6:22  Drone  
  51  6:30  Drone  
  52  6:35  Drone  
  52  6:36  Queen  
  55  6:42  Spire  
  55  6:45  Drone  
  55  6:53  Drone x3  
  55  6:54  Drone  
  59  6:56  Extractor  
  59  6:57  Extractor  
  57  7:10  Evolution Chamber  
  57  7:12  Evolution Chamber  
  57  7:14  Queen x2  
  59  7:16  Overlord  
  59  7:19  Drone  
  60  7:25  Overlord  
  60  7:29  Overlord  
  60  7:43  Drone x5  
  60  7:44  Drone  
  66  7:53  Mutalisk x3  
  66  7:55  Mutalisk  
  74  8:00  Mutalisk  
  76  8:08  Mutalisk x2  
  80  8:13  Overlord  
  64  8:51  Drone x2  
  64  8:52  Drone x6  
  64  8:54  Queen  
  74  8:56  Overlord  
  74  8:59  Hatchery  
  74  9:01  Drone  
  74  9:22  Evolution Chamber  
  74  9:24  Evolution Chamber  
  68  9:44  Mutalisk  
  68  9:45  Mutalisk x5  
  63  9:46  Zergling x4  
  63  9:47  Zergling x8  
  55  9:56  Mutalisk  
  48  10:21  Mutalisk x2  
  46  10:44  Hatchery  
  46  10:48  Hatchery  
  44  10:55  Drone x2  
  46  11:05  Infestation Pit  
  45  11:29  Mutalisk  
Show
View Real Time Build Order
Export as new Build Order

Adversity Terran - Winner!

Build Orders:  

Get SALT Encoding   

  12  0:05  SCV  
  13  0:17  SCV  
  14  0:22  Supply Depot  
  14  0:29  SCV  
  14  0:31  Refinery  
  15  0:44  SCV  
  15  0:48  Barracks  
  16  0:56  SCV  
  17  1:06  Barracks  
  17  1:20  Barracks  
  17  1:22  SCV  
  18  1:36  Reaper  
  19  1:44  Orbital Command  
  19  1:52  Refinery  
  19  1:55  Reaper  
  19  2:00  Supply Depot  
  20  2:07  Reaper  
  21  2:11  Reaper  
  21  2:14  SCV  
  22  2:27  Reaper  
  23  2:30  Barracks  
  23  2:41  Barracks, Reaper  
  24  2:47  SCV  
  24  2:49  Reaper  
  26  3:01  SCV  
  27  3:06  Supply Depot  
  27  3:07  Reaper  
  28  3:18  Reaper  
  28  3:19  Reaper  
  30  3:20  SCV  
  31  3:27  Reaper  
  31  3:29  Reaper  
  33  3:50  Reaper  
  33  3:51  Reaper  
  33  3:55  Command Center  
  33  4:01  Reaper  
  34  4:06  SCV  
  34  4:09  Supply Depot  
  36  4:18  SCV  
  34  4:30  Barracks Tech Lab  
  31  4:41  Barracks Reactor  
  31  4:43  SCV  
  30  4:50  Marine x3  
  30  4:52  Marine  
  34  5:00  Stimpack  
  34  5:01  SCV  
  35  5:11  Marine x3  
  35  5:13  SCV  
  35  5:14  Orbital Command  
  39  5:25  SCV  
  40  5:37  Engineering Bay, SCV  
  39  5:48  SCV  
  39  5:49  SCV  
  40  5:52  Factory  
  40  5:55  Marine x3  
  40  5:56  Marine x2  
  40  5:57  Marine  
  45  6:00  SCV  
  45  6:02  SCV  
  48  6:05  Terran Infantry Weapons Level 1  
  46  6:23  SCV  
  46  6:24  SCV  
  48  6:26  Missile Turret x2  
  48  6:35  SCV  
  48  6:36  SCV  
  48  6:37  Supply Depot  
  49  6:48  Factory Reactor, Starport  
  49  6:50  SCV  
  49  6:51  SCV  
  49  6:53  Marine x2  
  54  6:58  Supply Depot  
  53  7:02  SCV  
  53  7:03  Barracks Reactor x2  
  53  7:04  SCV, Combat Shield  
  55  7:09  Barracks Reactor  
  55  7:14  SCV  
  56  7:15  Engineering Bay  
  56  7:16  Barracks Tech Lab, SCV  
  56  7:20  Supply Depot  
  55  7:26  SCV  
  55  7:28  SCV  
  57  7:32  Marauder  
  57  7:34  Medivac x2  
  57  7:35  Marine x2  
  65  7:40  Marauder  
  68  7:44  SCV x2  
  68  7:45  Refinery x2  
  68  7:51  Supply Depot  
  69  8:01  Marine x6  
  69  8:03  Marauder  
  77  8:08  Supply Depot  
  77  8:09  SCV  
  78  8:13  SCV, Marauder  
  78  8:16  Terran Infantry Armor Level 1  
  78  8:18  Armory  
  81  8:32  Marine x4  
  81  8:33  Marine x3  
  81  8:34  Marine  
  84  8:40  Medivac  
  84  8:41  Medivac  
  89  8:45  Supply Depot  
  89  8:49  Concussive Shells  
  89  8:50  Marine x3  
  89  8:51  Marine  
  93  8:56  SCV  
  93  8:58  Supply Depot  
  93  9:00  Supply Depot  
  93  9:01  Supply Depot  
  94  9:07  SCV  
  95  9:11  Medivac x2  
  99  9:19  Marine x2  
  99  9:20  Marine x3  
  99  9:21  Marauder  
  106  9:24  Marine, Marauder  
  109  9:32  Terran Infantry Weapons Level 2  
  105  9:55  Medivac x2  
  105  9:56  Command Center  
  109  10:07  Supply Depot x2  
  108  10:17  Marine x4  
  108  10:18  Marine x2, Marauder  
  115  10:25  Medivac x2  
  95  10:53  Marine x4  
  95  10:54  Marine x2, Marauder  
  95  10:55  Medivac x2  
  96  11:00  SCV x2  
  94  11:08  Barracks  
  94  11:10  Barracks  
  94  11:11  Barracks, Marine  
  93  11:16  Marine x3, Marauder  
  93  11:17  Marine x2  
  100  11:19  Orbital Command  
  100  11:20  SCV x2  
  102  11:26  Missile Turret  
  102  11:37  Marine x5  
  102  11:38  Marine x2, Marauder  
  111  11:55  Marine x4  
  111  11:56  Marauder, SCV  
  111  11:57  SCV x2  
  111  11:58  Command Center  
  111  12:00  Marauder  
  111  12:01  Barracks Reactor x2, Barracks Tech Lab  
  122  12:03  Marine x2  
  108  12:17  Marauder  
Tags
 
Add a new tag
Caveats
  • Supply blocks, unpowered buildings, or Contaminate may cause inaccurate times.
  • Supply counts are checked every 10 seconds.